 Dungeon Crawl Stone Soup version 0.30.0-29-ga12c61a403 (webtiles) character file.

Game seed: 9528736430230516207

21 cheesebisquit the Grasshopper (level 2, -3/23 HPs)
             Began as a Barachi Warper on June 3, 2023.
             Slain by a worm (9 damage)
             ... on level 2 of the Dungeon.
             The game lasted 00:01:49 (527 turns).

cheesebisquit the Grasshopper (Barachi Warper)       Turns: 527, Time: 00:01:50

Health: -3/23      AC:  3    Str: 12    XL:     2   Next: 87%
Magic:  5/5        EV: 11    Int: 13    God:
Gold:   63         SH:  0    Dex: 11    Spells: 5/5 levels left

rFire   . . .        a - +0 falchion
rCold   . . .        (no shield)
rNeg    . . .        b - +0 leather armour
rPois   .            (no helmet)
rElec   .            (no cloak)
rCorr   .            (no gloves)
SInv    .            (no boots)
Will    .....        (no amulet)
Stlth   +            (no ring)
HPRegen 0.23/turn    (no ring)
MPRegen 0.09/turn

%: no passive effects
@: slow
A: amphibious, slowness 1, strong legs 1, +LOS
a: Hop


You were on level 2 of the Dungeon.
You visited 1 branch of the dungeon, and saw 2 of its levels.

You collected 63 gold pieces.

Inventory:

Hand Weapons
 a - a +0 falchion (weapon)
Missiles
 d - 7 boomerangs of dispersal (quivered)
Armour
 b - a +0 leather armour (worn)
 h - a +0 buckler
Jewellery
 i - a ring of fire
Scrolls
 c - 2 scrolls of blinking
 f - a scroll of brand weapon {unknown}
Potions
 e - a potion of degeneration {unknown}
 g - a potion of haste {unknown}
 j - a potion of berserk rage {unknown}
 k - a potion of might {unknown}


   Skills:
 + Level 2.7 Fighting
 + Level 2.5 Long Blades
 - Level 1.0 Throwing
 + Level 1.5 Armour
 + Level 2.3 Dodging
 + Level 1.0 Stealth
 + Level 2.3 Spellcasting
 + Level 3.5 Translocations


You had 5 spell levels left.
You didn't know any spells.
Your spell library contained the following spells:

 Spells                   Type           Power      Damage    Failure   Level
 Blink                    Tloc           20%        N/A       11%         2
 Lesser Beckoning         Tloc           20%        N/A       11%         2
 Teleport Other           Tloc           10%        N/A       22%         3
 Vhi's Electric Charge    Tloc/Air       12%        N/A       41%         3
 Manifold Assault         Tloc           10%        N/A       58%         4


Dungeon Overview and Level Annotations

Branches:
Dungeon (2/15)

Altars:


Innate Abilities, Weirdness & Mutations

You are amphibious.
You cover ground slowly.
You can hop short distances.
You have an extended range of vision and can be seen from far away.


Message History

No target in view!
No target in view!
No target in view!
No target in view!
No target in view!
Things that are here:
a +0 club; a goblin corpse You see here 7 stones.
You now have 63 gold pieces (gained 13).
There is a stone staircase leading down here.
Done exploring.
Done exploring.
There is a stone staircase leading down here.
You climb downwards.
There is a stone staircase leading up here.
A worm comes into view.
Found a blue potion.
The worm bites you!
You barely miss the worm. The worm closely misses you.
You hit the worm.
The worm is moderately wounded.
The worm bites you.
You barely miss the worm.
The worm is moderately wounded.
You barely miss the worm.
The worm is moderately wounded.
The worm bites you.
You hit the worm but do no damage.
The worm is moderately wounded.
The worm bites you!
* * * LOW HITPOINT WARNING * * *
You are too injured to fight recklessly!
You are too injured to fight recklessly!
Okay, then.
You hit the worm but do no damage.
The worm is lightly wounded.
You hit the worm.
The worm is heavily wounded.
The worm bites you!
You die...

######
#....#
#.##.#
#.#..#
#.#..#
#.#..#
#.#.##
#@#.#
#w#.#
#.#<#
#.###
#!#
..#
###


You could see a worm.

Vanquished Creatures
  A dart slug (D:1)
  A bat (D:1)
  2 endoplasms (D:1)
  2 giant cockroaches (D:1)
  3 goblins (D:1)
  2 hobgoblins (D:1)
  A quokka (D:1)
  A frilled lizard (D:1)
  A kobold (D:1)
  3 rats (D:1)
17 creatures vanquished.

Notes
Turn   | Place    | Note
-------+----------+-------------------------------------------
     0 | D:1      | cheesebisquit the Barachi Warper began the quest for the
                  | Orb.
     0 | D:1      | Reached XP level 1. HP: 17/17 MP: 3/3
   141 | D:1      | Reached XP level 2. HP: 19/23 MP: 5/5
   365 | D:1      | Reached skill level 1 in Stealth
   527 | D:2      | Slain by a worm

Illustrated notes

Levels and vault maps discovered:
D:1:      nicolae_arrival_washed_ashore, layout_rooms, grunt_decor_mini_mirrors
D:2:      layout_basic, serial_shops, nicolae_shop_just_a_little_nook,
          shapermc_ecumenical_altar_mp_urbaneastern

Skill      XL: |  1  2 |
---------------+-------+-----
Stealth        | 1 |  1.0
Fighting       | |  2.7
Long Blades    | |  2.5
Throwing       | |  1.0
Armour         | |  1.5
Dodging        | |  2.3
Spellcasting   | |  2.3
Translocations | |  3.5

Action                     || total
---------------------------++-------
  Melee: Falchion          ||    57
 Armour: Leather armour    ||    17
  Dodge: Dodged            ||    35
